 Dungeon Crawl Stone Soup version 0.29-a0-824-gd827844252 (webtiles) character file.

Game seed: 12311584135122154617

123 Garessta the Caller (level 4, 18/18 HPs)
             Began as a Felid Summoner on July 9, 2022.
             Quit the game on level 4 of the Dungeon.
             The game lasted 00:11:07 (4339 turns).

Garessta the Caller (Felid Summoner)                Turns: 4339, Time: 00:11:07

Health: 18/18      AC:  1    Str:  4    XL:     4   Next: 79%
Magic:  10/10      EV: 17    Int: 18    God:
Gold:   128        SH:  0    Dex: 17    Spells: 1/10 levels left
                                        Lives:  0   Deaths: 1

rFire   . . .      SeeInvis +   (weapon unavailable)
rCold   . . .      Faith    .   (shield unavailable)
rNeg    + . .      Spirit   .   (body armour unavailable)
rPois   .          Reflect  .   (helmet unavailable)
rElec   .          Harm     .   (cloak unavailable)
rCorr   .          Rampage  .   (gloves unavailable)
Will    .....                   (boots unavailable)
Stlth   ++........              (no amulet)
HPRegen 0.06/turn               k - ring of positive energy
MPRegen 0.12/turn               (no ring)

@: quick
A: very small, claws 1, fangs 3, see invisible, speed 1, shaggy fur 1, stealthy
paws, no weapons or thrown items, no armour, multi-lived
a: no special abilities


You were on level 4 of the Dungeon.
You visited 1 branch of the dungeon, and saw 4 of its levels.

You collected 128 gold pieces.

Inventory:

Jewellery
 k - a ring of positive energy (left paw)
Scrolls
 b - a scroll of fog {unknown}
 c - 2 scrolls of immolation {unknown}
 e - a scroll of fear {unknown}
 j - 2 scrolls of teleportation {unknown}
 m - 2 scrolls of silence {unknown}
 p - 3 scrolls of amnesia {unknown}
 q - a scroll of vulnerability {unknown}
Potions
 a - a potion of magic
 d - 2 potions of curing {unknown}
 f - a potion of attraction {unknown}
 g - 2 potions of brilliance
 h - 4 potions of might
 i - a potion of flight {unknown}
 l - a potion of haste {unknown}
 n - a potion of lignification {unknown}
 o - a potion of heal wounds {unknown}


   Skills:
 - Level 2.6 Dodging
 - Level 2.6 Stealth
 + Level 3.9 Spellcasting
 + Level 3.2 Hexes
 + Level 5.4 Summonings


You had one spell level left.
You knew the following spells:

 Your Spells              Type           Power      Damage    Failure   Level
a - Summon Small Mammal   Summ           92%        N/A       1%          1
b - Call Imp              Summ           23%        N/A       2%          2
c - Call Canine Familiar  Summ           23%        N/A       4%          3
d - Summon Guardian Gole  Hex/Summ       19%        N/A       8%          3

Your spell library contained the following spells:

 Spells                   Type           Power      Damage    Failure   Level
 Tukima's Dance           Hex            15%        N/A       12%         3
 Static Discharge         Conj/Air       3%         3-4/arc   22%         2
 Summon Lightning Spire   Summ/Air       13%        N/A       43%         4
 Blade Hands              Tmut           1%         N/A       99%         5
 Iskenderun's Battlesphe  Conj           3%         2d6       99%         5
 Lightning Bolt           Conj/Air       1%         1d12      99%         5
 Iron Shot                Conj/Erth      1%         9d1       100%        6
 Spellforged Servitor     Conj/Summ      6%         N/A       100%        7
 Maxwell's Capacitive Co  Air            1%         ∞         100%        8
 Portal Projectile        Hex/Tloc       Unusable   N/A       N/A         3

Dungeon Overview and Level Annotations

Branches:
Dungeon (4/15)
 Temple: D:4-7

Altars:

Shops:
D:3 [


Innate Abilities, Weirdness & Mutations

You have sharp claws.
You have razor-sharp teeth.
You have supernaturally acute eyesight. (SInv)
You cover ground quickly. (Speed+)
You are covered in fur. (AC +1)
Your paws help you pounce on unaware monsters.
You are incapable of wielding weapons or throwing items.
You cannot wear armour.
You gain extra lives every three experience levels.


Message History

A giant cockroach comes into view.
You swap places.
The necrophage hits your quokka.
The giant cockroach bites your guardian golem but does no damage.
Your crimson imp hits the adder.
Your hound bites the necrophage.
The adder barely misses your crimson imp.
Your quokka bites the necrophage.
Something hits your quokka.
Your quokka dies!
Your quokka's corpse disappears in a puff of smoke!
Something barely misses your hound.
Your hound bites the kobold.
The kobold dies!
Found a war axe.
Found a stone staircase leading down.
Your hound disappears in a puff of smoke!
The necrophage barely misses something.
A scorpion comes into view.
Casting: Summon Small Mammal (safe; 1% risk of failure)
Confirm with . or Enter, or press ? or * to list all spells.
Your quokka bites the scorpion.
Your crimson imp blinks!
The scorpion completely misses you.
Your quokka bites the scorpion.
The scorpion stings you.
* * * LOW HITPOINT WARNING * * *
The ball python barely misses your quokka.
The ball python misses your quokka.
Your quokka barely misses the scorpion.
The scorpion barely misses your quokka.
The ball python closely misses your quokka.
The ball python grabs your quokka. The ball python constricts your quokka.
The adder bites you.
* * * LOW HITPOINT WARNING * * *
You are lethally poisoned!
The adder poisons you!
You die...
You feel sick. The ufetubus completely misses you. x2
Your quokka barely misses the scorpion.
The ball python bites your quokka. The ball python constricts your quokka.
The adder completely misses you. The ufetubus misses you.
The ufetubus hits you.
You are now level 4!
You rejoin the land of the living...
Found a slimy spear.
Found an escape hatch in the floor.
Are you sure you want to abandon this character and quit the game? (Confirm with "yes".)

.# #.9...# .# >.
#5oW........ .# ..
....o.......... .# ..
...#........... .#
.......... #.
####...........
.##.........S #.
#.###...#.##
..##........# #. #o
..##.# #.##........#
#.## .. ... #
..#.......... #.@#
..#....>...g. #..#
.)#..........#....
#.†..........#.....
#.......[.........#.
###...............#..
.................. ..
#####........).....
.. .<.......


There were no monsters in sight!

Vanquished Creatures
  2 giant cockroaches
  A ball python (D:3)
  3 bats
  A kobold (D:1)
7 creatures vanquished.

Vanquished Creatures (collateral kills)
  An orc priest (D:3)
  A hound (D:4)
  2 orc wizards
  Robin (D:2)
  3 adders
  A white imp (D:3)
  4 worms (D:2)
  3 dart slugs
  6 orcs
  4 ball pythons
  2 bats (D:2)
  3 endoplasms
  A giant cockroach (D:3)
  7 goblins
  6 hobgoblins
  4 jackals (D:1)
  3 quokkas
  2 frilled lizards
  4 kobolds
  2 rats (D:2)
60 creatures vanquished.

Grand Total: 67 creatures vanquished

Notes
Turn   | Place    | Note
-------+----------+-------------------------------------------
     0 | D:1      | Garessta the Felid Summoner began the quest for the Orb.
     0 | D:1      | Reached XP level 1. HP: 7/7 MP: 4/4
   334 | D:1      | Reached XP level 2. HP: 11/11 MP: 6/6
   337 | D:1      | Learned a level 2 spell: Call Imp
   953 | D:1      | Found a faded altar of an unknown god.
  1294 | D:2      | Noticed Robin
  1304 | D:2      | Killed Robin
  1305 | D:2      | Reached XP level 3. HP: 14/14 MP: 2/8
  1323 | D:2      | Learned a level 3 spell: Call Canine Familiar
  1803 | D:2      | Reached XP level 4. HP: 3/18 MP: 3/9
  1814 | D:2      | Learned a level 3 spell: Summon Guardian Golem
  2276 | D:2      | Reached skill level 1 in Hexes
  2935 | D:3      | Reached skill level 5 in Summonings
  3160 | D:3      | Found Eraf's Armour Shop.
  3689 | D:3      | Reached XP level 5. HP: 14/21 MP: 5/11
  3846 | D:4      | Noticed a phantom
  4338 | D:4      | Succumbed to an adder's poison
  4339 | D:4      | Reached XP level 4. HP: 0/16 MP: 3/10
  4339 | D:4      | Quit the game

Illustrated notes

Levels and vault maps discovered:
D:1:      minmay_arrival_four_houses, layout_loops_ring,
          shapermc_ecumenical_altar_pompeii, minmay_misc_feat_diagonals
D:2:      layout_basic, nicolae_wormholes, uniq_robin
D:3:      layout_basic, serial_shops, nicolae_shop_behind_doors
D:4:      layout_rooms, minmay_temple_entry_poolview, roderic_lattice_a,
          uniq_duvessa

Skill      XL: |  1  2  3  4  5 |
---------------+----------------+-----
Spellcasting   | 3 |  3.9
Hexes          | 2 3 |  3.2
Summonings     | 5 |  5.4
Dodging        | |  2.6
Stealth        | |  2.6

Action                   |  1- 3 |  4- 6 || total
-------------------------+-------+-------++-------
Melee: Unarmed           |     7 |     6 ||    13
 Cast: Summon Small Mamm |    18 |     6 ||    24
       Call Imp          |    18 |    18 ||    36
       Call Canine Famil |       |    11 ||    11
       Summon Guardian G |       |     3 ||     3
  Use: Scroll            |       |     3 ||     3
 Stab: Sleeping          |     5 |     1 ||     6
Armor: Skin              |     1 |     1 ||     2
Dodge: Dodged            |    35 |    17 ||    52

Table legend: (Time is in decaauts)
 A = Elapsed time spent in this place.
 B = Non-inter-level travel time spent in this place.
 C = Inter-level travel time spent in this place.
 D = Time resting spent in this place.
 E = Time spent auto-exploring this place.
 F = Levels seen in this place.
 G = Mean time per level.
                   A        B        C        D        E       F      G
               +--------+--------+--------+--------+--------+-----+--------+
         Total |   3878 |   3768 |    110 |    349 |   2608 |   4 |  969.5 |
       Dungeon |   3878 |   3768 |    110 |    349 |   2608 |   4 |  969.5 |
               +--------+--------+--------+--------+--------+-----+--------+

Top non-repeatable levels by time:
     D:2: 1378 daAuts
     D:3: 1201 daAuts
     D:1: 1130 daAuts
     D:4: 167 daAuts
